Workbook

Sheet Dashboard
A1: CREDIT CARD PAYMENT DASHBOARD
A2: Overview of all cards, balances, and payment tracking
A4: TOTAL BALANCE | E4: ACTIVE CARDS
A5: =SUM(Settings!E13:E32) -> 6106.25 | E5: =COUNTA(Settings!A13:A32) -> 3
A8: PAYMENTS THIS MONTH | E8: DUE NEXT 30 DAYS
A9: =_xlfn.SUMIFS(Payments!H:H,Payments!B:B,">="&DATE(YEAR(TODAY()),MONTH(TODAY()),1),Payments!B:B,"<="&EOMONTH(TODAY(),0),Payments!E:E,"Payment") -> 750 | E9: =_xlfn.SUMIFS('Payment Planner'!D:D,'Payment Planner'!A:A,">="&TODAY(),'Payment Planner'!A:A,"<="&TODAY()+30) -> 1389.6372
A13: CARD SUMMARY
A14: Card Name | B14: Bank | C14: Balance | D14: Credit Limit | E14: Utilization % | F14: Interest Rate
A15: =IF(Settings!A13="","",Settings!B13) -> Chase Sapphire Reserve | B15: =IF(Settings!A13="","",Settings!C13) -> Chase Bank | C15: =IF(Settings!A13="","",Settings!E13) -> 3250 | D15: =IF(Settings!A13="","",Settings!D13) -> 10000 | E15: =IF(Settings!A13="","",IF(Settings!D13>0,Settings!E13/Settings!D13*100,"")) -> 32.5 | F15: =IF(Settings!A13="","",Settings!F13) -> 0.1999
A16: =IF(Settings!A14="","",Settings!B14) -> Capital One Venture | B16: =IF(Settings!A14="","",Settings!C14) -> Capital One | C16: =IF(Settings!A14="","",Settings!E14) -> 1875.5 | D16: =IF(Settings!A14="","",Settings!D14) -> 7500 | E16: =IF(Settings!A14="","",IF(Settings!D14>0,Settings!E14/Settings!D14*100,"")) -> 25.006667 | F16: =IF(Settings!A14="","",Settings!F14) -> 0.2149
A17: =IF(Settings!A15="","",Settings!B15) -> Citi Double Cash | B17: =IF(Settings!A15="","",Settings!C15) -> Citibank | C17: =IF(Settings!A15="","",Settings!E15) -> 980.75 | D17: =IF(Settings!A15="","",Settings!D15) -> 5000 | E17: =IF(Settings!A15="","",IF(Settings!D15>0,Settings!E15/Settings!D15*100,"")) -> 19.615 | F17: =IF(Settings!A15="","",Settings!F15) -> 0.1699
A18: =IF(Settings!A16="","",Settings!B16) | B18: =IF(Settings!A16="","",Settings!C16) | C18: =IF(Settings!A16="","",Settings!E16) | D18: =IF(Settings!A16="","",Settings!D16) | E18: =IF(Settings!A16="","",IF(Settings!D16>0,Settings!E16/Settings!D16*100,"")) | F18: =IF(Settings!A16="","",Settings!F16)
A19: =IF(Settings!A17="","",Settings!B17) | B19: =IF(Settings!A17="","",Settings!C17) | C19: =IF(Settings!A17="","",Settings!E17) | D19: =IF(Settings!A17="","",Settings!D17) | E19: =IF(Settings!A17="","",IF(Settings!D17>0,Settings!E17/Settings!D17*100,"")) | F19: =IF(Settings!A17="","",Settings!F17)
A20: =IF(Settings!A18="","",Settings!B18) | B20: =IF(Settings!A18="","",Settings!C18) | C20: =IF(Settings!A18="","",Settings!E18) | D20: =IF(Settings!A18="","",Settings!D18) | E20: =IF(Settings!A18="","",IF(Settings!D18>0,Settings!E18/Settings!D18*100,"")) | F20: =IF(Settings!A18="","",Settings!F18)
A21: =IF(Settings!A19="","",Settings!B19) | B21: =IF(Settings!A19="","",Settings!C19) | C21: =IF(Settings!A19="","",Settings!E19) | D21: =IF(Settings!A19="","",Settings!D19) | E21: =IF(Settings!A19="","",IF(Settings!D19>0,Settings!E19/Settings!D19*100,"")) | F21: =IF(Settings!A19="","",Settings!F19)
A22: =IF(Settings!A20="","",Settings!B20) | B22: =IF(Settings!A20="","",Settings!C20) | C22: =IF(Settings!A20="","",Settings!E20) | D22: =IF(Settings!A20="","",Settings!D20) | E22: =IF(Settings!A20="","",IF(Settings!D20>0,Settings!E20/Settings!D20*100,"")) | F22: =IF(Settings!A20="","",Settings!F20)
A23: =IF(Settings!A21="","",Settings!B21) | B23: =IF(Settings!A21="","",Settings!C21) | C23: =IF(Settings!A21="","",Settings!E21) | D23: =IF(Settings!A21="","",Settings!D21) | E23: =IF(Settings!A21="","",IF(Settings!D21>0,Settings!E21/Settings!D21*100,"")) | F23: =IF(Settings!A21="","",Settings!F21)
A25: VISUAL ANALYTICS
A27: Month | B27: Total Payments | C27: Total Interest | D27: Net Change | F27: Card | G27: Balance
A28: =TEXT(EDATE(TODAY(),-11),"MMM YYYY") -> Jan 2025 | B28: =_xlfn.SUMIFS(Payments!H:H,Payments!B:B,">="&EOMONTH(TODAY(),-12)+1,Payments!B:B,"<="&EOMONTH(TODAY(),-11),Payments!E:E,"Payment") -> 0 | C28: =_xlfn.SUMIFS(Payments!H:H,Payments!B:B,">="&EOMONTH(TODAY(),-12)+1,Payments!B:B,"<="&EOMONTH(TODAY(),-11),Payments!E:E,"Interest") -> 0 | D28: =B28-C28 -> 0 | F28: =IF(ROWS(F$28:F28)>COUNTA(Settings!B13:B17),"",INDEX(Settings!B13:B22,ROWS(F$28:F28))) -> Chase Sapphire Reserve | G28: =IF(F28="","",INDEX(Settings!E13:E22,ROWS(F$28:F28))) -> 3250
A29: =TEXT(EDATE(TODAY(),-10),"MMM YYYY") -> Feb 2025 | B29: =_xlfn.SUMIFS(Payments!H:H,Payments!B:B,">="&EOMONTH(TODAY(),-11)+1,Payments!B:B,"<="&EOMONTH(TODAY(),-10),Payments!E:E,"Payment") -> 0 | C29: =_xlfn.SUMIFS(Payments!H:H,Payments!B:B,">="&EOMONTH(TODAY(),-11)+1,Payments!B:B,"<="&EOMONTH(TODAY(),-10),Payments!E:E,"Interest") -> 0 | D29: =B29-C29 -> 0 | F29: =IF(ROWS(F$28:F29)>COUNTA(Settings!B13:B17),"",INDEX(Settings!B13:B22,ROWS(F$28:F29))) -> Capital One Venture | G29: =IF(F29="","",INDEX(Settings!E13:E22,ROWS(F$28:F29))) -> 1875.5
A30: =TEXT(EDATE(TODAY(),-9),"MMM YYYY") -> Mar 2025 | B30: =_xlfn.SUMIFS(Payments!H:H,Payments!B:B,">="&EOMONTH(TODAY(),-10)+1,Payments!B:B,"<="&EOMONTH(TODAY(),-9),Payments!E:E,"Payment") -> 0 | C30: =_xlfn.SUMIFS(Payments!H:H,Payments!B:B,">="&EOMONTH(TODAY(),-10)+1,Payments!B:B,"<="&EOMONTH(TODAY(),-9),Payments!E:E,"Interest") -> 0 | D30: =B30-C30 -> 0 | F30: =IF(ROWS(F$28:F30)>COUNTA(Settings!B13:B17),"",INDEX(Settings!B13:B22,ROWS(F$28:F30))) -> Citi Double Cash | G30: =IF(F30="","",INDEX(Settings!E13:E22,ROWS(F$28:F30))) -> 980.75
A31: =TEXT(EDATE(TODAY(),-8),"MMM YYYY") -> Apr 2025 | B31: =_xlfn.SUMIFS(Payments!H:H,Payments!B:B,">="&EOMONTH(TODAY(),-9)+1,Payments!B:B,"<="&EOMONTH(TODAY(),-8),Payments!E:E,"Payment") -> 0 | C31: =_xlfn.SUMIFS(Payments!H:H,Payments!B:B,">="&EOMONTH(TODAY(),-9)+1,Payments!B:B,"<="&EOMONTH(TODAY(),-8),Payments!E:E,"Interest") -> 0 | D31: =B31-C31 -> 0 | F31: =IF(ROWS(F$28:F31)>COUNTA(Settings!B13:B17),"",INDEX(Settings!B13:B22,ROWS(F$28:F31))) | G31: =IF(F31="","",INDEX(Settings!E13:E22,ROWS(F$28:F31)))
A32: =TEXT(EDATE(TODAY(),-7),"MMM YYYY") -> May 2025 | B32: =_xlfn.SUMIFS(Payments!H:H,Payments!B:B,">="&EOMONTH(TODAY(),-8)+1,Payments!B:B,"<="&EOMONTH(TODAY(),-7),Payments!E:E,"Payment") -> 0 | C32: =_xlfn.SUMIFS(Payments!H:H,Payments!B:B,">="&EOMONTH(TODAY(),-8)+1,Payments!B:B,"<="&EOMONTH(TODAY(),-7),Payments!E:E,"Interest") -> 0 | D32: =B32-C32 -> 0 | F32: =IF(ROWS(F$28:F32)>COUNTA(Settings!B13:B17),"",INDEX(Settings!B13:B22,ROWS(F$28:F32))) | G32: =IF(F32="","",INDEX(Settings!E13:E22,ROWS(F$28:F32)))
A33: =TEXT(EDATE(TODAY(),-6),"MMM YYYY") -> Jun 2025 | B33: =_xlfn.SUMIFS(Payments!H:H,Payments!B:B,">="&EOMONTH(TODAY(),-7)+1,Payments!B:B,"<="&EOMONTH(TODAY(),-6),Payments!E:E,"Payment") -> 0 | C33: =_xlfn.SUMIFS(Payments!H:H,Payments!B:B,">="&EOMONTH(TODAY(),-7)+1,Payments!B:B,"<="&EOMONTH(TODAY(),-6),Payments!E:E,"Interest") -> 0 | D33: =B33-C33 -> 0
A34: =TEXT(EDATE(TODAY(),-5),"MMM YYYY") -> Jul 2025 | B34: =_xlfn.SUMIFS(Payments!H:H,Payments!B:B,">="&EOMONTH(TODAY(),-6)+1,Payments!B:B,"<="&EOMONTH(TODAY(),-5),Payments!E:E,"Payment") -> 0 | C34: =_xlfn.SUMIFS(Payments!H:H,Payments!B:B,">="&EOMONTH(TODAY(),-6)+1,Payments!B:B,"<="&EOMONTH(TODAY(),-5),Payments!E:E,"Interest") -> 0 | D34: =B34-C34 -> 0
A35: =TEXT(EDATE(TODAY(),-4),"MMM YYYY") -> Aug 2025 | B35: =_xlfn.SUMIFS(Payments!H:H,Payments!B:B,">="&EOMONTH(TODAY(),-5)+1,Payments!B:B,"<="&EOMONTH(TODAY(),-4),Payments!E:E,"Payment") -> 0 | C35: =_xlfn.SUMIFS(Payments!H:H,Payments!B:B,">="&EOMONTH(TODAY(),-5)+1,Payments!B:B,"<="&EOMONTH(TODAY(),-4),Payments!E:E,"Interest") -> 0 | D35: =B35-C35 -> 0
A36: =TEXT(EDATE(TODAY(),-3),"MMM YYYY") -> Sep 2025 | B36: =_xlfn.SUMIFS(Payments!H:H,Payments!B:B,">="&EOMONTH(TODAY(),-4)+1,Payments!B:B,"<="&EOMONTH(TODAY(),-3),Payments!E:E,"Payment") -> 0 | C36: =_xlfn.SUMIFS(Payments!H:H,Payments!B:B,">="&EOMONTH(TODAY(),-4)+1,Payments!B:B,"<="&EOMONTH(TODAY(),-3),Payments!E:E,"Interest") -> 0 | D36: =B36-C36 -> 0
A37: =TEXT(EDATE(TODAY(),-2),"MMM YYYY") -> Oct 2025 | B37: =_xlfn.SUMIFS(Payments!H:H,Payments!B:B,">="&EOMONTH(TODAY(),-3)+1,Payments!B:B,"<="&EOMONTH(TODAY(),-2),Payments!E:E,"Payment") -> 0 | C37: =_xlfn.SUMIFS(Payments!H:H,Payments!B:B,">="&EOMONTH(TODAY(),-3)+1,Payments!B:B,"<="&EOMONTH(TODAY(),-2),Payments!E:E,"Interest") -> 0 | D37: =B37-C37 -> 0
A38: =TEXT(EDATE(TODAY(),-1),"MMM YYYY") -> Nov 2025 | B38: =_xlfn.SUMIFS(Payments!H:H,Payments!B:B,">="&EOMONTH(TODAY(),-2)+1,Payments!B:B,"<="&EOMONTH(TODAY(),-1),Payments!E:E,"Payment") -> 750 | C38: =_xlfn.SUMIFS(Payments!H:H,Payments!B:B,">="&EOMONTH(TODAY(),-2)+1,Payments!B:B,"<="&EOMONTH(TODAY(),-1),Payments!E:E,"Interest") -> 0 | D38: =B38-C38 -> 750
A39: =TEXT(EDATE(TODAY(),-0),"MMM YYYY") -> Dec 2025 | B39: =_xlfn.SUMIFS(Payments!H:H,Payments!B:B,">="&EOMONTH(TODAY(),-1)+1,Payments!B:B,"<="&EOMONTH(TODAY(),-0),Payments!E:E,"Payment") -> 750 | C39: =_xlfn.SUMIFS(Payments!H:H,Payments!B:B,">="&EOMONTH(TODAY(),-1)+1,Payments!B:B,"<="&EOMONTH(TODAY(),-0),Payments!E:E,"Interest") -> -88.45 | D39: =B39-C39 -> 838.45
A42: QUICK ACTIONS
A44: • Go to Payments Sheet | E44: • View Payment Planner
A45: • Print Payment Log | E45: • Edit Card Settings
A46: • Calculate Amortization | E46: • Read Instructions
A48: NOTES:
A49: • Dashboard auto-updates when you add cards or record payments
A50: • Charts require sample data to display - add cards in Settings and payments in Payments sheet
A51: • VBA macros (Export PDF, Archive) require Excel desktop version with macros enabled
A52: • For best results, use Excel 2016 or later

Sheet Payments
A1: Payment ID | B1: Date | C1: Card ID | D1: Card Name | E1: Type | F1: Category | G1: Description | H1: Amount | I1: Balance After | J1: Running Balance | K1: Payment Method | L1: Receipt URL/File | M1: Notes
A2: =IF(B2="","",IF(A1="",1,A1+1)) -> #VALUE! | B2: 2025-11-05 | C2: 1 | D2: =IF(C2="","",_xlfn.IFERROR(INDEX(Settings!$B$13:$B$32,MATCH(C2,Settings!$A$13:$A$32,0)),"")) -> Chase Sapphire Reserve | E2: Purchase | F2: Groceries | G2: Walmart purchase | H2: -125.5 | I2: =J2 -> 3124.5 | J2: =IF(C2="","",IF(ROW()=2,_xlfn.IFERROR(INDEX(Settings!$E$13:$E$32,MATCH(C2,Settings!$A$13:$A$32,0)),0)+H2,IF(C2=C1,J1+H2,_xlfn.IFERROR(INDEX(Settings!$E$13:$E$32,MATCH(C2,Settings!$A$13:$A$32,0)),0)+H2))) -> 3124.5 | K2: Card
A3: =IF(B3="","",IF(A2="",1,A2+1)) -> #VALUE! | B3: 2025-11-08 | C3: 2 | D3: =IF(C3="","",_xlfn.IFERROR(INDEX(Settings!$B$13:$B$32,MATCH(C3,Settings!$A$13:$A$32,0)),"")) -> Capital One Venture | E3: Purchase | F3: Gas | G3: Shell gas station | H3: -65 | I3: =J3 -> 1810.5 | J3: =IF(C3="","",IF(ROW()=2,_xlfn.IFERROR(INDEX(Settings!$E$13:$E$32,MATCH(C3,Settings!$A$13:$A$32,0)),0)+H3,IF(C3=C2,J2+H3,_xlfn.IFERROR(INDEX(Settings!$E$13:$E$32,MATCH(C3,Settings!$A$13:$A$32,0)),0)+H3))) -> 1810.5 | K3: Card
A4: =IF(B4="","",IF(A3="",1,A3+1)) -> #VALUE! | B4: 2025-11-12 | C4: 1 | D4: =IF(C4="","",_xlfn.IFERROR(INDEX(Settings!$B$13:$B$32,MATCH(C4,Settings!$A$13:$A$32,0)),"")) -> Chase Sapphire Reserve | E4: Payment | G4: Monthly payment | H4: 500 | I4: =J4 -> 3750 | J4: =IF(C4="","",IF(ROW()=2,_xlfn.IFERROR(INDEX(Settings!$E$13:$E$32,MATCH(C4,Settings!$A$13:$A$32,0)),0)+H4,IF(C4=C3,J3+H4,_xlfn.IFERROR(INDEX(Settings!$E$13:$E$32,MATCH(C4,Settings!$A$13:$A$32,0)),0)+H4))) -> 3750 | K4: Bank Transfer
A5: =IF(B5="","",IF(A4="",1,A4+1)) -> #VALUE! | B5: 2025-11-18 | C5: 3 | D5: =IF(C5="","",_xlfn.IFERROR(INDEX(Settings!$B$13:$B$32,MATCH(C5,Settings!$A$13:$A$32,0)),"")) -> Citi Double Cash | E5: Purchase | F5: Dining | G5: Restaurant dinner | H5: -89.25 | I5: =J5 -> 891.5 | J5: =IF(C5="","",IF(ROW()=2,_xlfn.IFERROR(INDEX(Settings!$E$13:$E$32,MATCH(C5,Settings!$A$13:$A$32,0)),0)+H5,IF(C5=C4,J4+H5,_xlfn.IFERROR(INDEX(Settings!$E$13:$E$32,MATCH(C5,Settings!$A$13:$A$32,0)),0)+H5))) -> 891.5 | K5: Card
A6: =IF(B6="","",IF(A5="",1,A5+1)) -> #VALUE! | B6: 2025-11-22 | C6: 2 | D6: =IF(C6="","",_xlfn.IFERROR(INDEX(Settings!$B$13:$B$32,MATCH(C6,Settings!$A$13:$A$32,0)),"")) -> Capital One Venture | E6: Payment | G6: Online payment | H6: 250 | I6: =J6 -> 2125.5 | J6: =IF(C6="","",IF(ROW()=2,_xlfn.IFERROR(INDEX(Settings!$E$13:$E$32,MATCH(C6,Settings!$A$13:$A$32,0)),0)+H6,IF(C6=C5,J5+H6,_xlfn.IFERROR(INDEX(Settings!$E$13:$E$32,MATCH(C6,Settings!$A$13:$A$32,0)),0)+H6))) -> 2125.5 | K6: Auto
A7: =IF(B7="","",IF(A6="",1,A6+1)) -> #VALUE! | B7: 2025-12-01 | C7: 1 | D7: =IF(C7="","",_xlfn.IFERROR(INDEX(Settings!$B$13:$B$32,MATCH(C7,Settings!$A$13:$A$32,0)),"")) -> Chase Sapphire Reserve | E7: Purchase | F7: Shopping | G7: Amazon order | H7: -215.75 | I7: =J7 -> 3034.25 | J7: =IF(C7="","",IF(ROW()=2,_xlfn.IFERROR(INDEX(Settings!$E$13:$E$32,MATCH(C7,Settings!$A$13:$A$32,0)),0)+H7,IF(C7=C6,J6+H7,_xlfn.IFERROR(INDEX(Settings!$E$13:$E$32,MATCH(C7,Settings!$A$13:$A$32,0)),0)+H7))) -> 3034.25 | K7: Card
A8: =IF(B8="","",IF(A7="",1,A7+1)) -> #VALUE! | B8: 2025-12-05 | C8: 3 | D8: =IF(C8="","",_xlfn.IFERROR(INDEX(Settings!$B$13:$B$32,MATCH(C8,Settings!$A$13:$A$32,0)),"")) -> Citi Double Cash | E8: Payment | G8: Monthly payment | H8: 150 | I8: =J8 -> 1130.75 | J8: =IF(C8="","",IF(ROW()=2,_xlfn.IFERROR(INDEX(Settings!$E$13:$E$32,MATCH(C8,Settings!$A$13:$A$32,0)),0)+H8,IF(C8=C7,J7+H8,_xlfn.IFERROR(INDEX(Settings!$E$13:$E$32,MATCH(C8,Settings!$A$13:$A$32,0)),0)+H8))) -> 1130.75 | K8: Bank Transfer
A9: =IF(B9="","",IF(A8="",1,A8+1)) -> #VALUE! | B9: 2025-12-08 | C9: 2 | D9: =IF(C9="","",_xlfn.IFERROR(INDEX(Settings!$B$13:$B$32,MATCH(C9,Settings!$A$13:$A$32,0)),"")) -> Capital One Venture | E9: Purchase | F9: Utilities | G9: Electric bill | H9: -135.4 | I9: =J9 -> 1740.1 | J9: =IF(C9="","",IF(ROW()=2,_xlfn.IFERROR(INDEX(Settings!$E$13:$E$32,MATCH(C9,Settings!$A$13:$A$32,0)),0)+H9,IF(C9=C8,J8+H9,_xlfn.IFERROR(INDEX(Settings!$E$13:$E$32,MATCH(C9,Settings!$A$13:$A$32,0)),0)+H9))) -> 1740.1 | K9: Card
A10: =IF(B10="","",IF(A9="",1,A9+1)) -> #VALUE! | B10: 2025-12-12 | C10: 1 | D10: =IF(C10="","",_xlfn.IFERROR(INDEX(Settings!$B$13:$B$32,MATCH(C10,Settings!$A$13:$A$32,0)),"")) -> Chase Sapphire Reserve | E10: Interest | G10: Interest charge | H10: -54.8 | I10: =J10 -> 3195.2 | J10: =IF(C10="","",IF(ROW()=2,_xlfn.IFERROR(INDEX(Settings!$E$13:$E$32,MATCH(C10,Settings!$A$13:$A$32,0)),0)+H10,IF(C10=C9,J9+H10,_xlfn.IFERROR(INDEX(Settings!$E$13:$E$32,MATCH(C10,Settings!$A$13:$A$32,0)),0)+H10))) -> 3195.2
A11: =IF(B11="","",IF(A10="",1,A10+1)) -> #VALUE! | B11: 2025-12-15 | C11: 3 | D11: =IF(C11="","",_xlfn.IFERROR(INDEX(Settings!$B$13:$B$32,MATCH(C11,Settings!$A$13:$A$32,0)),"")) -> Citi Double Cash | E11: Purchase | F11: Gas | G11: Gas station | H11: -42 | I11: =J11 -> 938.75 | J11: =IF(C11="","",IF(ROW()=2,_xlfn.IFERROR(INDEX(Settings!$E$13:$E$32,MATCH(C11,Settings!$A$13:$A$32,0)),0)+H11,IF(C11=C10,J10+H11,_xlfn.IFERROR(INDEX(Settings!$E$13:$E$32,MATCH(C11,Settings!$A$13:$A$32,0)),0)+H11))) -> 938.75 | K11: Card
A12: =IF(B12="","",IF(A11="",1,A11+1)) -> #VALUE! | B12: 2025-12-18 | C12: 2 | D12: =IF(C12="","",_xlfn.IFERROR(INDEX(Settings!$B$13:$B$32,MATCH(C12,Settings!$A$13:$A$32,0)),"")) -> Capital One Venture | E12: Interest | G12: Interest charge | H12: -33.65 | I12: =J12 -> 1841.85 | J12: =IF(C12="","",IF(ROW()=2,_xlfn.IFERROR(INDEX(Settings!$E$13:$E$32,MATCH(C12,Settings!$A$13:$A$32,0)),0)+H12,IF(C12=C11,J11+H12,_xlfn.IFERROR(INDEX(Settings!$E$13:$E$32,MATCH(C12,Settings!$A$13:$A$32,0)),0)+H12))) -> 1841.85
A13: =IF(B13="","",IF(A12="",1,A12+1)) -> #VALUE! | B13: 2025-12-20 | C13: 1 | D13: =IF(C13="","",_xlfn.IFERROR(INDEX(Settings!$B$13:$B$32,MATCH(C13,Settings!$A$13:$A$32,0)),"")) -> Chase Sapphire Reserve | E13: Payment | G13: Payment | H13: 600 | I13: =J13 -> 3850 | J13: =IF(C13="","",IF(ROW()=2,_xlfn.IFERROR(INDEX(Settings!$E$13:$E$32,MATCH(C13,Settings!$A$13:$A$32,0)),0)+H13,IF(C13=C12,J12+H13,_xlfn.IFERROR(INDEX(Settings!$E$13:$E$32,MATCH(C13,Settings!$A$13:$A$32,0)),0)+H13))) -> 3850 | K13: Auto
A14: =IF(B14="","",IF(A13="",1,A13+1)) | D14: =IF(C14="","",_xlfn.IFERROR(INDEX(Settings!$B$13:$B$32,MATCH(C14,Settings!$A$13:$A$32,0)),"")) | I14: =J14 | J14: =IF(C14="","",IF(ROW()=2,_xlfn.IFERROR(INDEX(Settings!$E$13:$E$32,MATCH(C14,Settings!$A$13:$A$32,0)),0)+H14,IF(C14=C13,J13+H14,_xlfn.IFERROR(INDEX(Settings!$E$13:$E$32,MATCH(C14,Settings!$A$13:$A$32,0)),0)+H14)))
A15: =IF(B15="","",IF(A14="",1,A14+1)) | D15: =IF(C15="","",_xlfn.IFERROR(INDEX(Settings!$B$13:$B$32,MATCH(C15,Settings!$A$13:$A$32,0)),"")) | I15: =J15 | J15: =IF(C15="","",IF(ROW()=2,_xlfn.IFERROR(INDEX(Settings!$E$13:$E$32,MATCH(C15,Settings!$A$13:$A$32,0)),0)+H15,IF(C15=C14,J14+H15,_xlfn.IFERROR(INDEX(Settings!$E$13:$E$32,MATCH(C15,Settings!$A$13:$A$32,0)),0)+H15)))
A16: =IF(B16="","",IF(A15="",1,A15+1)) | D16: =IF(C16="","",_xlfn.IFERROR(INDEX(Settings!$B$13:$B$32,MATCH(C16,Settings!$A$13:$A$32,0)),"")) | I16: =J16 | J16: =IF(C16="","",IF(ROW()=2,_xlfn.IFERROR(INDEX(Settings!$E$13:$E$32,MATCH(C16,Settings!$A$13:$A$32,0)),0)+H16,IF(C16=C15,J15+H16,_xlfn.IFERROR(INDEX(Settings!$E$13:$E$32,MATCH(C16,Settings!$A$13:$A$32,0)),0)+H16)))
A17: =IF(B17="","",IF(A16="",1,A16+1)) | D17: =IF(C17="","",_xlfn.IFERROR(INDEX(Settings!$B$13:$B$32,MATCH(C17,Settings!$A$13:$A$32,0)),"")) | I17: =J17 | J17: =IF(C17="","",IF(ROW()=2,_xlfn.IFERROR(INDEX(Settings!$E$13:$E$32,MATCH(C17,Settings!$A$13:$A$32,0)),0)+H17,IF(C17=C16,J16+H17,_xlfn.IFERROR(INDEX(Settings!$E$13:$E$32,MATCH(C17,Settings!$A$13:$A$32,0)),0)+H17)))
A18: =IF(B18="","",IF(A17="",1,A17+1)) | D18: =IF(C18="","",_xlfn.IFERROR(INDEX(Settings!$B$13:$B$32,MATCH(C18,Settings!$A$13:$A$32,0)),"")) | I18: =J18 | J18: =IF(C18="","",IF(ROW()=2,_xlfn.IFERROR(INDEX(Settings!$E$13:$E$32,MATCH(C18,Settings!$A$13:$A$32,0)),0)+H18,IF(C18=C17,J17+H18,_xlfn.IFERROR(INDEX(Settings!$E$13:$E$32,MATCH(C18,Settings!$A$13:$A$32,0)),0)+H18)))
A19: =IF(B19="","",IF(A18="",1,A18+1)) | D19: =IF(C19="","",_xlfn.IFERROR(INDEX(Settings!$B$13:$B$32,MATCH(C19,Settings!$A$13:$A$32,0)),"")) | I19: =J19 | J19: =IF(C19="","",IF(ROW()=2,_xlfn.IFERROR(INDEX(Settings!$E$13:$E$32,MATCH(C19,Settings!$A$13:$A$32,0)),0)+H19,IF(C19=C18,J18+H19,_xlfn.IFERROR(INDEX(Settings!$E$13:$E$32,MATCH(C19,Settings!$A$13:$A$32,0)),0)+H19)))
A20: =IF(B20="","",IF(A19="",1,A19+1)) | D20: =IF(C20="","",_xlfn.IFERROR(INDEX(Settings!$B$13:$B$32,MATCH(C20,Settings!$A$13:$A$32,0)),"")) | I20: =J20 | J20: =IF(C20="","",IF(ROW()=2,_xlfn.IFERROR(INDEX(Settings!$E$13:$E$32,MATCH(C20,Settings!$A$13:$A$32,0)),0)+H20,IF(C20=C19,J19+H20,_xlfn.IFERROR(INDEX(Settings!$E$13:$E$32,MATCH(C20,Settings!$A$13:$A$32,0)),0)+H20)))
A21: =IF(B21="","",IF(A20="",1,A20+1)) | D21: =IF(C21="","",_xlfn.IFERROR(INDEX(Settings!$B$13:$B$32,MATCH(C21,Settings!$A$13:$A$32,0)),"")) | I21: =J21 | J21: =IF(C21="","",IF(ROW()=2,_xlfn.IFERROR(INDEX(Settings!$E$13:$E$32,MATCH(C21,Settings!$A$13:$A$32,0)),0)+H21,IF(C21=C20,J20+H21,_xlfn.IFERROR(INDEX(Settings!$E$13:$E$32,MATCH(C21,Settings!$A$13:$A$32,0)),0)+H21)))
A22: =IF(B22="","",IF(A21="",1,A21+1)) | D22: =IF(C22="","",_xlfn.IFERROR(INDEX(Settings!$B$13:$B$32,MATCH(C22,Settings!$A$13:$A$32,0)),"")) | I22: =J22 | J22: =IF(C22="","",IF(ROW()=2,_xlfn.IFERROR(INDEX(Settings!$E$13:$E$32,MATCH(C22,Settings!$A$13:$A$32,0)),0)+H22,IF(C22=C21,J21+H22,_xlfn.IFERROR(INDEX(Settings!$E$13:$E$32,MATCH(C22,Settings!$A$13:$A$32,0)),0)+H22)))
A23: =IF(B23="","",IF(A22="",1,A22+1)) | D23: =IF(C23="","",_xlfn.IFERROR(INDEX(Settings!$B$13:$B$32,MATCH(C23,Settings!$A$13:$A$32,0)),"")) | I23: =J23 | J23: =IF(C23="","",IF(ROW()=2,_xlfn.IFERROR(INDEX(Settings!$E$13:$E$32,MATCH(C23,Settings!$A$13:$A$32,0)),0)+H23,IF(C23=C22,J22+H23,_xlfn.IFERROR(INDEX(Settings!$E$13:$E$32,MATCH(C23,Settings!$A$13:$A$32,0)),0)+H23)))
A24: =IF(B24="","",IF(A23="",1,A23+1)) | D24: =IF(C24="","",_xlfn.IFERROR(INDEX(Settings!$B$13:$B$32,MATCH(C24,Settings!$A$13:$A$32,0)),"")) | I24: =J24 | J24: =IF(C24="","",IF(ROW()=2,_xlfn.IFERROR(INDEX(Settings!$E$13:$E$32,MATCH(C24,Settings!$A$13:$A$32,0)),0)+H24,IF(C24=C23,J23+H24,_xlfn.IFERROR(INDEX(Settings!$E$13:$E$32,MATCH(C24,Settings!$A$13:$A$32,0)),0)+H24)))
A25: =IF(B25="","",IF(A24="",1,A24+1)) | D25: =IF(C25="","",_xlfn.IFERROR(INDEX(Settings!$B$13:$B$32,MATCH(C25,Settings!$A$13:$A$32,0)),"")) | I25: =J25 | J25: =IF(C25="","",IF(ROW()=2,_xlfn.IFERROR(INDEX(Settings!$E$13:$E$32,MATCH(C25,Settings!$A$13:$A$32,0)),0)+H25,IF(C25=C24,J24+H25,_xlfn.IFERROR(INDEX(Settings!$E$13:$E$32,MATCH(C25,Settings!$A$13:$A$32,0)),0)+H25)))
... A101: =IF(B101="","",IF(A100="",1,A100+1)) | D101: =IF(C101="","",_xlfn.IFERROR(INDEX(Settings!$B$13:$B$32,MATCH(C101,Settings!$A$13:$A$32,0)),"")) | I101: =J101 | J101: =IF(C101="","",IF(ROW()=2,_xlfn.IFERROR(INDEX(Settings!$E$13:$E$32,MATCH(C101,Settings!$A$13:$A$32,0)),0)+H101,IF(C101=C100,J100+H101,_xlfn.IFERROR(INDEX(Settings!$E$13:$E$32,MATCH(C101,Settings!$A$13:$A$32,0)),0)+H101)))

Sheet Amortization
A1: CREDIT CARD AMORTIZATION CALCULATOR
A3: Calculate payoff schedule and interest breakdown
A5: INPUT PARAMETERS
A7: Card ID: | D7: PAYOFF SUMMARY
A8: Card Name: | B8: =IF(B7="","",_xlfn.IFERROR(INDEX(Settings!$B$13:$B$32,MATCH(B7,Settings!$A$13:$A$32,0)),"Not Found"))
A9: Principal (Start Balance): | B9: =IF(B7="","",_xlfn.IFERROR(INDEX(Settings!$E$13:$E$32,MATCH(B7,Settings!$A$13:$A$32,0)),0)) | D9: Total Months to Payoff: | E9: =IF(B11="","",COUNTA(A19:A500)-1)
A10: Annual Interest Rate (%): | B10: =IF(B7="","",_xlfn.IFERROR(INDEX(Settings!$F$13:$F$32,MATCH(B7,Settings!$A$13:$A$32,0)),0)) | D10: Total Interest Paid: | E10: =IF(B11="","",SUM(C19:C500))
A11: Monthly Payment ($): | D11: Total Amount Paid: | E11: =IF(B11="","",SUM(B19:B500))
A12: Start Date: | D12: Principal Amount: | E12: =B9
A14: Payment Mode: | B14: Fixed Payment
A17: AMORTIZATION SCHEDULE
A18: Payment # | B18: Payment Date | C18: Payment Amount | D18: Interest Portion | E18: Principal Portion | F18: Remaining Balance
A19: 1 | B19: =IF($B$12,"",$B$12) -> 0 | C19: =IF($B$11,"",$B$11) -> 0 | D19: =IF($B$9,"",($B$9)*($B$10/100/12)) -> #VALUE! | E19: =IF($B$11,"",C19-D19) -> #VALUE! | F19: =IF($B$9,"",$B$9-E19) -> #VALUE!
A20: =IF(F19,"",IF(F19<=0,"",A19+1)) -> #VALUE! | B20: =IF(A20,"",EDATE(B19,1)) -> #VALUE! | C20: =IF(A20,"",IF(F19<$B$11,F19*(1+$B$10/100/12),$B$11)) -> #VALUE! | D20: =IF(A20,"",F19*($B$10/100/12)) -> #VALUE! | E20: =IF(A20,"",C20-D20) -> #VALUE! | F20: =IF(A20,"",MAX(0,F19-E20)) -> #VALUE!
A21: =IF(F20,"",IF(F20<=0,"",A20+1)) -> #VALUE! | B21: =IF(A21,"",EDATE(B20,1)) -> #VALUE! | C21: =IF(A21,"",IF(F20<$B$11,F20*(1+$B$10/100/12),$B$11)) -> #VALUE! | D21: =IF(A21,"",F20*($B$10/100/12)) -> #VALUE! | E21: =IF(A21,"",C21-D21) -> #VALUE! | F21: =IF(A21,"",MAX(0,F20-E21)) -> #VALUE!
A22: =IF(F21,"",IF(F21<=0,"",A21+1)) -> #VALUE! | B22: =IF(A22,"",EDATE(B21,1)) -> #VALUE! | C22: =IF(A22,"",IF(F21<$B$11,F21*(1+$B$10/100/12),$B$11)) -> #VALUE! | D22: =IF(A22,"",F21*($B$10/100/12)) -> #VALUE! | E22: =IF(A22,"",C22-D22) -> #VALUE! | F22: =IF(A22,"",MAX(0,F21-E22)) -> #VALUE!
A23: =IF(F22,"",IF(F22<=0,"",A22+1)) -> #VALUE! | B23: =IF(A23,"",EDATE(B22,1)) -> #VALUE! | C23: =IF(A23,"",IF(F22<$B$11,F22*(1+$B$10/100/12),$B$11)) -> #VALUE! | D23: =IF(A23,"",F22*($B$10/100/12)) -> #VALUE! | E23: =IF(A23,"",C23-D23) -> #VALUE! | F23: =IF(A23,"",MAX(0,F22-E23)) -> #VALUE!
A24: =IF(F23,"",IF(F23<=0,"",A23+1)) -> #VALUE! | B24: =IF(A24,"",EDATE(B23,1)) -> #VALUE! | C24: =IF(A24,"",IF(F23<$B$11,F23*(1+$B$10/100/12),$B$11)) -> #VALUE! | D24: =IF(A24,"",F23*($B$10/100/12)) -> #VALUE! | E24: =IF(A24,"",C24-D24) -> #VALUE! | F24: =IF(A24,"",MAX(0,F23-E24)) -> #VALUE!
A25: =IF(F24,"",IF(F24<=0,"",A24+1)) -> #VALUE! | B25: =IF(A25,"",EDATE(B24,1)) -> #VALUE! | C25: =IF(A25,"",IF(F24<$B$11,F24*(1+$B$10/100/12),$B$11)) -> #VALUE! | D25: =IF(A25,"",F24*($B$10/100/12)) -> #VALUE! | E25: =IF(A25,"",C25-D25) -> #VALUE! | F25: =IF(A25,"",MAX(0,F24-E25)) -> #VALUE!
A26: =IF(F25,"",IF(F25<=0,"",A25+1)) -> #VALUE! | B26: =IF(A26,"",EDATE(B25,1)) -> #VALUE! | C26: =IF(A26,"",IF(F25<$B$11,F25*(1+$B$10/100/12),$B$11)) -> #VALUE! | D26: =IF(A26,"",F25*($B$10/100/12)) -> #VALUE! | E26: =IF(A26,"",C26-D26) -> #VALUE! | F26: =IF(A26,"",MAX(0,F25-E26)) -> #VALUE!
A27: =IF(F26,"",IF(F26<=0,"",A26+1)) -> #VALUE! | B27: =IF(A27,"",EDATE(B26,1)) -> #VALUE! | C27: =IF(A27,"",IF(F26<$B$11,F26*(1+$B$10/100/12),$B$11)) -> #VALUE! | D27: =IF(A27,"",F26*($B$10/100/12)) -> #VALUE! | E27: =IF(A27,"",C27-D27) -> #VALUE! | F27: =IF(A27,"",MAX(0,F26-E27)) -> #VALUE!
A28: =IF(F27,"",IF(F27<=0,"",A27+1)) -> #VALUE! | B28: =IF(A28,"",EDATE(B27,1)) -> #VALUE! | C28: =IF(A28,"",IF(F27<$B$11,F27*(1+$B$10/100/12),$B$11)) -> #VALUE! | D28: =IF(A28,"",F27*($B$10/100/12)) -> #VALUE! | E28: =IF(A28,"",C28-D28) -> #VALUE! | F28: =IF(A28,"",MAX(0,F27-E28)) -> #VALUE!
A29: =IF(F28,"",IF(F28<=0,"",A28+1)) -> #VALUE! | B29: =IF(A29,"",EDATE(B28,1)) -> #VALUE! | C29: =IF(A29,"",IF(F28<$B$11,F28*(1+$B$10/100/12),$B$11)) -> #VALUE! | D29: =IF(A29,"",F28*($B$10/100/12)) -> #VALUE! | E29: =IF(A29,"",C29-D29) -> #VALUE! | F29: =IF(A29,"",MAX(0,F28-E29)) -> #VALUE!
A30: =IF(F29,"",IF(F29<=0,"",A29+1)) -> #VALUE! | B30: =IF(A30,"",EDATE(B29,1)) -> #VALUE! | C30: =IF(A30,"",IF(F29<$B$11,F29*(1+$B$10/100/12),$B$11)) -> #VALUE! | D30: =IF(A30,"",F29*($B$10/100/12)) -> #VALUE! | E30: =IF(A30,"",C30-D30) -> #VALUE! | F30: =IF(A30,"",MAX(0,F29-E30)) -> #VALUE!
A31: =IF(F30,"",IF(F30<=0,"",A30+1)) -> #VALUE! | B31: =IF(A31,"",EDATE(B30,1)) -> #VALUE! | C31: =IF(A31,"",IF(F30<$B$11,F30*(1+$B$10/100/12),$B$11)) -> #VALUE! | D31: =IF(A31,"",F30*($B$10/100/12)) -> #VALUE! | E31: =IF(A31,"",C31-D31) -> #VALUE! | F31: =IF(A31,"",MAX(0,F30-E31)) -> #VALUE!
... A78: =IF(F77,"",IF(F77<=0,"",A77+1)) -> #VALUE! | B78: =IF(A78,"",EDATE(B77,1)) -> #VALUE! | C78: =IF(A78,"",IF(F77<$B$11,F77*(1+$B$10/100/12),$B$11)) -> #VALUE! | D78: =IF(A78,"",F77*($B$10/100/12)) -> #VALUE! | E78: =IF(A78,"",C78-D78) -> #VALUE! | F78: =IF(A78,"",MAX(0,F77-E78)) -> #VALUE!
A81: INSTRUCTIONS:
A82: 1. Enter a Card ID in cell B7 (the card details will auto-populate from Settings sheet)
A83: 2. Enter your desired Monthly Payment amount in cell B11
A84: 3. Enter the Start Date in cell B12 (format: DD-MM-YYYY)
A85: 4. The amortization schedule will automatically calculate showing payment breakdown and payoff timeline

Sheet Payment Planner
A1: PAYMENT PLANNER - 12 MONTH SCHEDULE
A3: Upcoming billing dates and payment requirements for all active cards
A5: Due Date | B5: Card Name | C5: Statement Balance | D5: Min Payment Due | E5: Suggested Payment | F5: Auto-Pay?
A6: =IF(Settings!A13="","",DATE(YEAR(TODAY()),MONTH(TODAY()),Settings!$G13)) -> 46006 | B6: =IF(Settings!A13="","",Settings!B13) -> Chase Sapphire Reserve | C6: =IF(Settings!A13="","",SUMIF(Payments!$C:$C,Settings!$A13,Payments!$J:$J)) -> 16953.95 | D6: =IF(C6="","",MAX(25,C6*Settings!$H13/100)) -> 423.84875 | E6: =IF(D6="","",D6*1.5) -> 635.77313
A7: =IF(Settings!A13="","",EDATE(A6,1)) -> 46037 | B7: =B6 -> Chase Sapphire Reserve | C7: =C6 -> 16953.95 | D7: =IF(C7="","",MAX(25,C7*Settings!$H13/100)) -> 423.84875 | E7: =IF(D7="","",D7*1.5) -> 635.77313
A8: =IF(Settings!A13="","",EDATE(A7,1)) -> 46068 | B8: =B7 -> Chase Sapphire Reserve | C8: =C7 -> 16953.95 | D8: =IF(C8="","",MAX(25,C8*Settings!$H13/100)) -> 423.84875 | E8: =IF(D8="","",D8*1.5) -> 635.77313
A9: =IF(Settings!A13="","",EDATE(A8,1)) -> 46096 | B9: =B8 -> Chase Sapphire Reserve | C9: =C8 -> 16953.95 | D9: =IF(C9="","",MAX(25,C9*Settings!$H13/100)) -> 423.84875 | E9: =IF(D9="","",D9*1.5) -> 635.77313
A10: =IF(Settings!A13="","",EDATE(A9,1)) -> 46127 | B10: =B9 -> Chase Sapphire Reserve | C10: =C9 -> 16953.95 | D10: =IF(C10="","",MAX(25,C10*Settings!$H13/100)) -> 423.84875 | E10: =IF(D10="","",D10*1.5) -> 635.77313
A11: =IF(Settings!A13="","",EDATE(A10,1)) -> 46157 | B11: =B10 -> Chase Sapphire Reserve | C11: =C10 -> 16953.95 | D11: =IF(C11="","",MAX(25,C11*Settings!$H13/100)) -> 423.84875 | E11: =IF(D11="","",D11*1.5) -> 635.77313
A12: =IF(Settings!A13="","",EDATE(A11,1)) -> 46188 | B12: =B11 -> Chase Sapphire Reserve | C12: =C11 -> 16953.95 | D12: =IF(C12="","",MAX(25,C12*Settings!$H13/100)) -> 423.84875 | E12: =IF(D12="","",D12*1.5) -> 635.77313
A13: =IF(Settings!A13="","",EDATE(A12,1)) -> 46218 | B13: =B12 -> Chase Sapphire Reserve | C13: =C12 -> 16953.95 | D13: =IF(C13="","",MAX(25,C13*Settings!$H13/100)) -> 423.84875 | E13: =IF(D13="","",D13*1.5) -> 635.77313
A14: =IF(Settings!A13="","",EDATE(A13,1)) -> 46249 | B14: =B13 -> Chase Sapphire Reserve | C14: =C13 -> 16953.95 | D14: =IF(C14="","",MAX(25,C14*Settings!$H13/100)) -> 423.84875 | E14: =IF(D14="","",D14*1.5) -> 635.77313
A15: =IF(Settings!A13="","",EDATE(A14,1)) -> 46280 | B15: =B14 -> Chase Sapphire Reserve | C15: =C14 -> 16953.95 | D15: =IF(C15="","",MAX(25,C15*Settings!$H13/100)) -> 423.84875 | E15: =IF(D15="","",D15*1.5) -> 635.77313
A16: =IF(Settings!A13="","",EDATE(A15,1)) -> 46310 | B16: =B15 -> Chase Sapphire Reserve | C16: =C15 -> 16953.95 | D16: =IF(C16="","",MAX(25,C16*Settings!$H13/100)) -> 423.84875 | E16: =IF(D16="","",D16*1.5) -> 635.77313
A17: =IF(Settings!A13="","",EDATE(A16,1)) -> 46341 | B17: =B16 -> Chase Sapphire Reserve | C17: =C16 -> 16953.95 | D17: =IF(C17="","",MAX(25,C17*Settings!$H13/100)) -> 423.84875 | E17: =IF(D17="","",D17*1.5) -> 635.77313
A18: =IF(Settings!A14="","",DATE(YEAR(TODAY()),MONTH(TODAY()),Settings!$G14)) -> 46013 | B18: =IF(Settings!A14="","",Settings!B14) -> Capital One Venture | C18: =IF(Settings!A14="","",SUMIF(Payments!$C:$C,Settings!$A14,Payments!$J:$J)) -> 7517.95 | D18: =IF(C18="","",MAX(25,C18*Settings!$H14/100)) -> 225.5385 | E18: =IF(D18="","",D18*1.5) -> 338.30775
A19: =IF(Settings!A14="","",EDATE(A18,1)) -> 46044 | B19: =B18 -> Capital One Venture | C19: =C18 -> 7517.95 | D19: =IF(C19="","",MAX(25,C19*Settings!$H14/100)) -> 225.5385 | E19: =IF(D19="","",D19*1.5) -> 338.30775
A20: =IF(Settings!A14="","",EDATE(A19,1)) -> 46075 | B20: =B19 -> Capital One Venture | C20: =C19 -> 7517.95 | D20: =IF(C20="","",MAX(25,C20*Settings!$H14/100)) -> 225.5385 | E20: =IF(D20="","",D20*1.5) -> 338.30775
A21: =IF(Settings!A14="","",EDATE(A20,1)) -> 46103 | B21: =B20 -> Capital One Venture | C21: =C20 -> 7517.95 | D21: =IF(C21="","",MAX(25,C21*Settings!$H14/100)) -> 225.5385 | E21: =IF(D21="","",D21*1.5) -> 338.30775
A22: =IF(Settings!A14="","",EDATE(A21,1)) -> 46134 | B22: =B21 -> Capital One Venture | C22: =C21 -> 7517.95 | D22: =IF(C22="","",MAX(25,C22*Settings!$H14/100)) -> 225.5385 | E22: =IF(D22="","",D22*1.5) -> 338.30775
A23: =IF(Settings!A14="","",EDATE(A22,1)) -> 46164 | B23: =B22 -> Capital One Venture | C23: =C22 -> 7517.95 | D23: =IF(C23="","",MAX(25,C23*Settings!$H14/100)) -> 225.5385 | E23: =IF(D23="","",D23*1.5) -> 338.30775
A24: =IF(Settings!A14="","",EDATE(A23,1)) -> 46195 | B24: =B23 -> Capital One Venture | C24: =C23 -> 7517.95 | D24: =IF(C24="","",MAX(25,C24*Settings!$H14/100)) -> 225.5385 | E24: =IF(D24="","",D24*1.5) -> 338.30775
A25: =IF(Settings!A14="","",EDATE(A24,1)) -> 46225 | B25: =B24 -> Capital One Venture | C25: =C24 -> 7517.95 | D25: =IF(C25="","",MAX(25,C25*Settings!$H14/100)) -> 225.5385 | E25: =IF(D25="","",D25*1.5) -> 338.30775
A26: =IF(Settings!A14="","",EDATE(A25,1)) -> 46256 | B26: =B25 -> Capital One Venture | C26: =C25 -> 7517.95 | D26: =IF(C26="","",MAX(25,C26*Settings!$H14/100)) -> 225.5385 | E26: =IF(D26="","",D26*1.5) -> 338.30775
A27: =IF(Settings!A14="","",EDATE(A26,1)) -> 46287 | B27: =B26 -> Capital One Venture | C27: =C26 -> 7517.95 | D27: =IF(C27="","",MAX(25,C27*Settings!$H14/100)) -> 225.5385 | E27: =IF(D27="","",D27*1.5) -> 338.30775
A28: =IF(Settings!A14="","",EDATE(A27,1)) -> 46317 | B28: =B27 -> Capital One Venture | C28: =C27 -> 7517.95 | D28: =IF(C28="","",MAX(25,C28*Settings!$H14/100)) -> 225.5385 | E28: =IF(D28="","",D28*1.5) -> 338.30775
A29: =IF(Settings!A14="","",EDATE(A28,1)) -> 46348 | B29: =B28 -> Capital One Venture | C29: =C28 -> 7517.95 | D29: =IF(C29="","",MAX(25,C29*Settings!$H14/100)) -> 225.5385 | E29: =IF(D29="","",D29*1.5) -> 338.30775
A30: =IF(Settings!A15="","",DATE(YEAR(TODAY()),MONTH(TODAY()),Settings!$G15)) -> 45999 | B30: =IF(Settings!A15="","",Settings!B15) -> Citi Double Cash | C30: =IF(Settings!A15="","",SUMIF(Payments!$C:$C,Settings!$A15,Payments!$J:$J)) -> 2961 | D30: =IF(C30="","",MAX(25,C30*Settings!$H15/100)) -> 740.25 | E30: =IF(D30="","",D30*1.5) -> 1110.375
A31: =IF(Settings!A15="","",EDATE(A30,1)) -> 46030 | B31: =B30 -> Citi Double Cash | C31: =C30 -> 2961 | D31: =IF(C31="","",MAX(25,C31*Settings!$H15/100)) -> 740.25 | E31: =IF(D31="","",D31*1.5) -> 1110.375
A32: =IF(Settings!A15="","",EDATE(A31,1)) -> 46061 | B32: =B31 -> Citi Double Cash | C32: =C31 -> 2961 | D32: =IF(C32="","",MAX(25,C32*Settings!$H15/100)) -> 740.25 | E32: =IF(D32="","",D32*1.5) -> 1110.375
A33: =IF(Settings!A15="","",EDATE(A32,1)) -> 46089 | B33: =B32 -> Citi Double Cash | C33: =C32 -> 2961 | D33: =IF(C33="","",MAX(25,C33*Settings!$H15/100)) -> 740.25 | E33: =IF(D33="","",D33*1.5) -> 1110.375
A34: =IF(Settings!A15="","",EDATE(A33,1)) -> 46120 | B34: =B33 -> Citi Double Cash | C34: =C33 -> 2961 | D34: =IF(C34="","",MAX(25,C34*Settings!$H15/100)) -> 740.25 | E34: =IF(D34="","",D34*1.5) -> 1110.375
A35: =IF(Settings!A15="","",EDATE(A34,1)) -> 46150 | B35: =B34 -> Citi Double Cash | C35: =C34 -> 2961 | D35: =IF(C35="","",MAX(25,C35*Settings!$H15/100)) -> 740.25 | E35: =IF(D35="","",D35*1.5) -> 1110.375
A36: =IF(Settings!A15="","",EDATE(A35,1)) -> 46181 | B36: =B35 -> Citi Double Cash | C36: =C35 -> 2961 | D36: =IF(C36="","",MAX(25,C36*Settings!$H15/100)) -> 740.25 | E36: =IF(D36="","",D36*1.5) -> 1110.375
A37: =IF(Settings!A15="","",EDATE(A36,1)) -> 46211 | B37: =B36 -> Citi Double Cash | C37: =C36 -> 2961 | D37: =IF(C37="","",MAX(25,C37*Settings!$H15/100)) -> 740.25 | E37: =IF(D37="","",D37*1.5) -> 1110.375
A38: =IF(Settings!A15="","",EDATE(A37,1)) -> 46242 | B38: =B37 -> Citi Double Cash | C38: =C37 -> 2961 | D38: =IF(C38="","",MAX(25,C38*Settings!$H15/100)) -> 740.25 | E38: =IF(D38="","",D38*1.5) -> 1110.375
A39: =IF(Settings!A15="","",EDATE(A38,1)) -> 46273 | B39: =B38 -> Citi Double Cash | C39: =C38 -> 2961 | D39: =IF(C39="","",MAX(25,C39*Settings!$H15/100)) -> 740.25 | E39: =IF(D39="","",D39*1.5) -> 1110.375
A40: =IF(Settings!A15="","",EDATE(A39,1)) -> 46303 | B40: =B39 -> Citi Double Cash | C40: =C39 -> 2961 | D40: =IF(C40="","",MAX(25,C40*Settings!$H15/100)) -> 740.25 | E40: =IF(D40="","",D40*1.5) -> 1110.375
A41: =IF(Settings!A15="","",EDATE(A40,1)) -> 46334 | B41: =B40 -> Citi Double Cash | C41: =C40 -> 2961 | D41: =IF(C41="","",MAX(25,C41*Settings!$H15/100)) -> 740.25 | E41: =IF(D41="","",D41*1.5) -> 1110.375
A42: =IF(Settings!A16="","",DATE(YEAR(TODAY()),MONTH(TODAY()),Settings!$G16)) | B42: =IF(Settings!A16="","",Settings!B16) | C42: =IF(Settings!A16="","",SUMIF(Payments!$C:$C,Settings!$A16,Payments!$J:$J)) | D42: =IF(C42="","",MAX(25,C42*Settings!$H16/100)) | E42: =IF(D42="","",D42*1.5)
A43: =IF(Settings!A16="","",EDATE(A42,1)) | B43: =B42 | C43: =C42 | D43: =IF(C43="","",MAX(25,C43*Settings!$H16/100)) | E43: =IF(D43="","",D43*1.5)
A44: =IF(Settings!A16="","",EDATE(A43,1)) | B44: =B43 | C44: =C43 | D44: =IF(C44="","",MAX(25,C44*Settings!$H16/100)) | E44: =IF(D44="","",D44*1.5)
A45: =IF(Settings!A16="","",EDATE(A44,1)) | B45: =B44 | C45: =C44 | D45: =IF(C45="","",MAX(25,C45*Settings!$H16/100)) | E45: =IF(D45="","",D45*1.5)
A46: =IF(Settings!A16="","",EDATE(A45,1)) | B46: =B45 | C46: =C45 | D46: =IF(C46="","",MAX(25,C46*Settings!$H16/100)) | E46: =IF(D46="","",D46*1.5)
A47: =IF(Settings!A16="","",EDATE(A46,1)) | B47: =B46 | C47: =C46 | D47: =IF(C47="","",MAX(25,C47*Settings!$H16/100)) | E47: =IF(D47="","",D47*1.5)
A48: =IF(Settings!A16="","",EDATE(A47,1)) | B48: =B47 | C48: =C47 | D48: =IF(C48="","",MAX(25,C48*Settings!$H16/100)) | E48: =IF(D48="","",D48*1.5)
A49: =IF(Settings!A16="","",EDATE(A48,1)) | B49: =B48 | C49: =C48 | D49: =IF(C49="","",MAX(25,C49*Settings!$H16/100)) | E49: =IF(D49="","",D49*1.5)
A50: =IF(Settings!A16="","",EDATE(A49,1)) | B50: =B49 | C50: =C49 | D50: =IF(C50="","",MAX(25,C50*Settings!$H16/100)) | E50: =IF(D50="","",D50*1.5)
A51: =IF(Settings!A16="","",EDATE(A50,1)) | B51: =B50 | C51: =C50 | D51: =IF(C51="","",MAX(25,C51*Settings!$H16/100)) | E51: =IF(D51="","",D51*1.5)
A52: =IF(Settings!A16="","",EDATE(A51,1)) | B52: =B51 | C52: =C51 | D52: =IF(C52="","",MAX(25,C52*Settings!$H16/100)) | E52: =IF(D52="","",D52*1.5)
A53: =IF(Settings!A16="","",EDATE(A52,1)) | B53: =B52 | C53: =C52 | D53: =IF(C53="","",MAX(25,C53*Settings!$H16/100)) | E53: =IF(D53="","",D53*1.5)
A54: =IF(Settings!A17="","",DATE(YEAR(TODAY()),MONTH(TODAY()),Settings!$G17)) | B54: =IF(Settings!A17="","",Settings!B17) | C54: =IF(Settings!A17="","",SUMIF(Payments!$C:$C,Settings!$A17,Payments!$J:$J)) | D54: =IF(C54="","",MAX(25,C54*Settings!$H17/100)) | E54: =IF(D54="","",D54*1.5)
A55: =IF(Settings!A17="","",EDATE(A54,1)) | B55: =B54 | C55: =C54 | D55: =IF(C55="","",MAX(25,C55*Settings!$H17/100)) | E55: =IF(D55="","",D55*1.5)
A56: =IF(Settings!A17="","",EDATE(A55,1)) | B56: =B55 | C56: =C55 | D56: =IF(C56="","",MAX(25,C56*Settings!$H17/100)) | E56: =IF(D56="","",D56*1.5)
A57: =IF(Settings!A17="","",EDATE(A56,1)) | B57: =B56 | C57: =C56 | D57: =IF(C57="","",MAX(25,C57*Settings!$H17/100)) | E57: =IF(D57="","",D57*1.5)
A58: =IF(Settings!A17="","",EDATE(A57,1)) | B58: =B57 | C58: =C57 | D58: =IF(C58="","",MAX(25,C58*Settings!$H17/100)) | E58: =IF(D58="","",D58*1.5)
A59: =IF(Settings!A17="","",EDATE(A58,1)) | B59: =B58 | C59: =C58 | D59: =IF(C59="","",MAX(25,C59*Settings!$H17/100)) | E59: =IF(D59="","",D59*1.5)
A60: =IF(Settings!A17="","",EDATE(A59,1)) | B60: =B59 | C60: =C59 | D60: =IF(C60="","",MAX(25,C60*Settings!$H17/100)) | E60: =IF(D60="","",D60*1.5)
A61: =IF(Settings!A17="","",EDATE(A60,1)) | B61: =B60 | C61: =C60 | D61: =IF(C61="","",MAX(25,C61*Settings!$H17/100)) | E61: =IF(D61="","",D61*1.5)
A62: =IF(Settings!A17="","",EDATE(A61,1)) | B62: =B61 | C62: =C61 | D62: =IF(C62="","",MAX(25,C62*Settings!$H17/100)) | E62: =IF(D62="","",D62*1.5)
A63: =IF(Settings!A17="","",EDATE(A62,1)) | B63: =B62 | C63: =C62 | D63: =IF(C63="","",MAX(25,C63*Settings!$H17/100)) | E63: =IF(D63="","",D63*1.5)
A64: =IF(Settings!A17="","",EDATE(A63,1)) | B64: =B63 | C64: =C63 | D64: =IF(C64="","",MAX(25,C64*Settings!$H17/100)) | E64: =IF(D64="","",D64*1.5)
A65: =IF(Settings!A17="","",EDATE(A64,1)) | B65: =B64 | C65: =C64 | D65: =IF(C65="","",MAX(25,C65*Settings!$H17/100)) | E65: =IF(D65="","",D65*1.5)
A66: =IF(Settings!A18="","",DATE(YEAR(TODAY()),MONTH(TODAY()),Settings!$G18)) | B66: =IF(Settings!A18="","",Settings!B18) | C66: =IF(Settings!A18="","",SUMIF(Payments!$C:$C,Settings!$A18,Payments!$J:$J)) | D66: =IF(C66="","",MAX(25,C66*Settings!$H18/100)) | E66: =IF(D66="","",D66*1.5)
A67: =IF(Settings!A18="","",EDATE(A66,1)) | B67: =B66 | C67: =C66 | D67: =IF(C67="","",MAX(25,C67*Settings!$H18/100)) | E67: =IF(D67="","",D67*1.5)
A68: =IF(Settings!A18="","",EDATE(A67,1)) | B68: =B67 | C68: =C67 | D68: =IF(C68="","",MAX(25,C68*Settings!$H18/100)) | E68: =IF(D68="","",D68*1.5)
A69: =IF(Settings!A18="","",EDATE(A68,1)) | B69: =B68 | C69: =C68 | D69: =IF(C69="","",MAX(25,C69*Settings!$H18/100)) | E69: =IF(D69="","",D69*1.5)
A70: =IF(Settings!A18="","",EDATE(A69,1)) | B70: =B69 | C70: =C69 | D70: =IF(C70="","",MAX(25,C70*Settings!$H18/100)) | E70: =IF(D70="","",D70*1.5)
A71: =IF(Settings!A18="","",EDATE(A70,1)) | B71: =B70 | C71: =C70 | D71: =IF(C71="","",MAX(25,C71*Settings!$H18/100)) | E71: =IF(D71="","",D71*1.5)
A72: =IF(Settings!A18="","",EDATE(A71,1)) | B72: =B71 | C72: =C71 | D72: =IF(C72="","",MAX(25,C72*Settings!$H18/100)) | E72: =IF(D72="","",D72*1.5)
A73: =IF(Settings!A18="","",EDATE(A72,1)) | B73: =B72 | C73: =C72 | D73: =IF(C73="","",MAX(25,C73*Settings!$H18/100)) | E73: =IF(D73="","",D73*1.5)
A74: =IF(Settings!A18="","",EDATE(A73,1)) | B74: =B73 | C74: =C73 | D74: =IF(C74="","",MAX(25,C74*Settings!$H18/100)) | E74: =IF(D74="","",D74*1.5)
A75: =IF(Settings!A18="","",EDATE(A74,1)) | B75: =B74 | C75: =C74 | D75: =IF(C75="","",MAX(25,C75*Settings!$H18/100)) | E75: =IF(D75="","",D75*1.5)
A76: =IF(Settings!A18="","",EDATE(A75,1)) | B76: =B75 | C76: =C75 | D76: =IF(C76="","",MAX(25,C76*Settings!$H18/100)) | E76: =IF(D76="","",D76*1.5)
A77: =IF(Settings!A18="","",EDATE(A76,1)) | B77: =B76 | C77: =C76 | D77: =IF(C77="","",MAX(25,C77*Settings!$H18/100)) | E77: =IF(D77="","",D77*1.5)
A78: =IF(Settings!A19="","",DATE(YEAR(TODAY()),MONTH(TODAY()),Settings!$G19)) | B78: =IF(Settings!A19="","",Settings!B19) | C78: =IF(Settings!A19="","",SUMIF(Payments!$C:$C,Settings!$A19,Payments!$J:$J)) | D78: =IF(C78="","",MAX(25,C78*Settings!$H19/100)) | E78: =IF(D78="","",D78*1.5)
A79: =IF(Settings!A19="","",EDATE(A78,1)) | B79: =B78 | C79: =C78 | D79: =IF(C79="","",MAX(25,C79*Settings!$H19/100)) | E79: =IF(D79="","",D79*1.5)
A80: =IF(Settings!A19="","",EDATE(A79,1)) | B80: =B79 | C80: =C79 | D80: =IF(C80="","",MAX(25,C80*Settings!$H19/100)) | E80: =IF(D80="","",D80*1.5)
A81: =IF(Settings!A19="","",EDATE(A80,1)) | B81: =B80 | C81: =C80 | D81: =IF(C81="","",MAX(25,C81*Settings!$H19/100)) | E81: =IF(D81="","",D81*1.5)
A82: =IF(Settings!A19="","",EDATE(A81,1)) | B82: =B81 | C82: =C81 | D82: =IF(C82="","",MAX(25,C82*Settings!$H19/100)) | E82: =IF(D82="","",D82*1.5)
A83: =IF(Settings!A19="","",EDATE(A82,1)) | B83: =B82 | C83: =C82 | D83: =IF(C83="","",MAX(25,C83*Settings!$H19/100)) | E83: =IF(D83="","",D83*1.5)
A84: =IF(Settings!A19="","",EDATE(A83,1)) | B84: =B83 | C84: =C83 | D84: =IF(C84="","",MAX(25,C84*Settings!$H19/100)) | E84: =IF(D84="","",D84*1.5)
A85: =IF(Settings!A19="","",EDATE(A84,1)) | B85: =B84 | C85: =C84 | D85: =IF(C85="","",MAX(25,C85*Settings!$H19/100)) | E85: =IF(D85="","",D85*1.5)
A86: =IF(Settings!A19="","",EDATE(A85,1)) | B86: =B85 | C86: =C85 | D86: =IF(C86="","",MAX(25,C86*Settings!$H19/100)) | E86: =IF(D86="","",D86*1.5)
A87: =IF(Settings!A19="","",EDATE(A86,1)) | B87: =B86 | C87: =C86 | D87: =IF(C87="","",MAX(25,C87*Settings!$H19/100)) | E87: =IF(D87="","",D87*1.5)
A88: =IF(Settings!A19="","",EDATE(A87,1)) | B88: =B87 | C88: =C87 | D88: =IF(C88="","",MAX(25,C88*Settings!$H19/100)) | E88: =IF(D88="","",D88*1.5)
A89: =IF(Settings!A19="","",EDATE(A88,1)) | B89: =B88 | C89: =C88 | D89: =IF(C89="","",MAX(25,C89*Settings!$H19/100)) | E89: =IF(D89="","",D89*1.5)
A90: =IF(Settings!A20="","",DATE(YEAR(TODAY()),MONTH(TODAY()),Settings!$G20)) | B90: =IF(Settings!A20="","",Settings!B20) | C90: =IF(Settings!A20="","",SUMIF(Payments!$C:$C,Settings!$A20,Payments!$J:$J)) | D90: =IF(C90="","",MAX(25,C90*Settings!$H20/100)) | E90: =IF(D90="","",D90*1.5)
A91: =IF(Settings!A20="","",EDATE(A90,1)) | B91: =B90 | C91: =C90 | D91: =IF(C91="","",MAX(25,C91*Settings!$H20/100)) | E91: =IF(D91="","",D91*1.5)
A92: =IF(Settings!A20="","",EDATE(A91,1)) | B92: =B91 | C92: =C91 | D92: =IF(C92="","",MAX(25,C92*Settings!$H20/100)) | E92: =IF(D92="","",D92*1.5)
A93: =IF(Settings!A20="","",EDATE(A92,1)) | B93: =B92 | C93: =C92 | D93: =IF(C93="","",MAX(25,C93*Settings!$H20/100)) | E93: =IF(D93="","",D93*1.5)
A94: =IF(Settings!A20="","",EDATE(A93,1)) | B94: =B93 | C94: =C93 | D94: =IF(C94="","",MAX(25,C94*Settings!$H20/100)) | E94: =IF(D94="","",D94*1.5)
A95: =IF(Settings!A20="","",EDATE(A94,1)) | B95: =B94 | C95: =C94 | D95: =IF(C95="","",MAX(25,C95*Settings!$H20/100)) | E95: =IF(D95="","",D95*1.5)
A96: =IF(Settings!A20="","",EDATE(A95,1)) | B96: =B95 | C96: =C95 | D96: =IF(C96="","",MAX(25,C96*Settings!$H20/100)) | E96: =IF(D96="","",D96*1.5)
A97: =IF(Settings!A20="","",EDATE(A96,1)) | B97: =B96 | C97: =C96 | D97: =IF(C97="","",MAX(25,C97*Settings!$H20/100)) | E97: =IF(D97="","",D97*1.5)
A98: =IF(Settings!A20="","",EDATE(A97,1)) | B98: =B97 | C98: =C97 | D98: =IF(C98="","",MAX(25,C98*Settings!$H20/100)) | E98: =IF(D98="","",D98*1.5)
A99: =IF(Settings!A20="","",EDATE(A98,1)) | B99: =B98 | C99: =C98 | D99: =IF(C99="","",MAX(25,C99*Settings!$H20/100)) | E99: =IF(D99="","",D99*1.5)
A100: =IF(Settings!A20="","",EDATE(A99,1)) | B100: =B99 | C100: =C99 | D100: =IF(C100="","",MAX(25,C100*Settings!$H20/100)) | E100: =IF(D100="","",D100*1.5)
A101: =IF(Settings!A20="","",EDATE(A100,1)) | B101: =B100 | C101: =C100 | D101: =IF(C101="","",MAX(25,C101*Settings!$H20/100)) | E101: =IF(D101="","",D101*1.5)
A102: =IF(Settings!A21="","",DATE(YEAR(TODAY()),MONTH(TODAY()),Settings!$G21)) | B102: =IF(Settings!A21="","",Settings!B21) | C102: =IF(Settings!A21="","",SUMIF(Payments!$C:$C,Settings!$A21,Payments!$J:$J)) | D102: =IF(C102="","",MAX(25,C102*Settings!$H21/100)) | E102: =IF(D102="","",D102*1.5)
...

Sheet Printable Log
A1: CREDIT CARD PAYMENT LOG
A3: Card: | B3: =IF(COUNTA(Payments!C:C)<=1,"All Cards",Payments!D2) -> Chase Sapphire Reserve | D3: Period: | E3: =IF(COUNTA(Payments!B:B)<=1,"No Data",TEXT(MIN(Payments!B2:B101),"DD-MM-YYYY")&" to "&TEXT(MAX(Payments!B2:B101),"DD-MM-YYYY")) -> 30-12-1899 to 30-12-1899
A4: Generated on: | B4: =TEXT(TODAY(),"DD-MM-YYYY") -> 25-12-2025
A6: Date | B6: Card | C6: Type | D6: Description | E6: Amount | F6: Balance | G6: Method
A7: =IF(COUNTA(Payments!A:A)<=1,"",INDEX(Payments!B:B,COUNTA(Payments!A:A)-0)) -> 0 | B7: =IF(COUNTA(Payments!A:A)<=1,"",INDEX(Payments!D:D,COUNTA(Payments!A:A)-0)) | C7: =IF(COUNTA(Payments!A:A)<=1,"",INDEX(Payments!E:E,COUNTA(Payments!A:A)-0)) -> 0 | D7: =IF(COUNTA(Payments!A:A)<=1,"",INDEX(Payments!G:G,COUNTA(Payments!A:A)-0)) -> 0 | E7: =IF(COUNTA(Payments!A:A)<=1,"",INDEX(Payments!H:H,COUNTA(Payments!A:A)-0)) -> 0 | F7: =IF(COUNTA(Payments!A:A)<=1,"",INDEX(Payments!J:J,COUNTA(Payments!A:A)-0)) | G7: =IF(COUNTA(Payments!A:A)<=1,"",INDEX(Payments!K:K,COUNTA(Payments!A:A)-0)) -> 0
A8: =IF(COUNTA(Payments!A:A)<=2,"",INDEX(Payments!B:B,COUNTA(Payments!A:A)-1)) -> 0 | B8: =IF(COUNTA(Payments!A:A)<=2,"",INDEX(Payments!D:D,COUNTA(Payments!A:A)-1)) | C8: =IF(COUNTA(Payments!A:A)<=2,"",INDEX(Payments!E:E,COUNTA(Payments!A:A)-1)) -> 0 | D8: =IF(COUNTA(Payments!A:A)<=2,"",INDEX(Payments!G:G,COUNTA(Payments!A:A)-1)) -> 0 | E8: =IF(COUNTA(Payments!A:A)<=2,"",INDEX(Payments!H:H,COUNTA(Payments!A:A)-1)) -> 0 | F8: =IF(COUNTA(Payments!A:A)<=2,"",INDEX(Payments!J:J,COUNTA(Payments!A:A)-1)) | G8: =IF(COUNTA(Payments!A:A)<=2,"",INDEX(Payments!K:K,COUNTA(Payments!A:A)-1)) -> 0
A9: =IF(COUNTA(Payments!A:A)<=3,"",INDEX(Payments!B:B,COUNTA(Payments!A:A)-2)) -> 0 | B9: =IF(COUNTA(Payments!A:A)<=3,"",INDEX(Payments!D:D,COUNTA(Payments!A:A)-2)) | C9: =IF(COUNTA(Payments!A:A)<=3,"",INDEX(Payments!E:E,COUNTA(Payments!A:A)-2)) -> 0 | D9: =IF(COUNTA(Payments!A:A)<=3,"",INDEX(Payments!G:G,COUNTA(Payments!A:A)-2)) -> 0 | E9: =IF(COUNTA(Payments!A:A)<=3,"",INDEX(Payments!H:H,COUNTA(Payments!A:A)-2)) -> 0 | F9: =IF(COUNTA(Payments!A:A)<=3,"",INDEX(Payments!J:J,COUNTA(Payments!A:A)-2)) | G9: =IF(COUNTA(Payments!A:A)<=3,"",INDEX(Payments!K:K,COUNTA(Payments!A:A)-2)) -> 0
A10: =IF(COUNTA(Payments!A:A)<=4,"",INDEX(Payments!B:B,COUNTA(Payments!A:A)-3)) -> 0 | B10: =IF(COUNTA(Payments!A:A)<=4,"",INDEX(Payments!D:D,COUNTA(Payments!A:A)-3)) | C10: =IF(COUNTA(Payments!A:A)<=4,"",INDEX(Payments!E:E,COUNTA(Payments!A:A)-3)) -> 0 | D10: =IF(COUNTA(Payments!A:A)<=4,"",INDEX(Payments!G:G,COUNTA(Payments!A:A)-3)) -> 0 | E10: =IF(COUNTA(Payments!A:A)<=4,"",INDEX(Payments!H:H,COUNTA(Payments!A:A)-3)) -> 0 | F10: =IF(COUNTA(Payments!A:A)<=4,"",INDEX(Payments!J:J,COUNTA(Payments!A:A)-3)) | G10: =IF(COUNTA(Payments!A:A)<=4,"",INDEX(Payments!K:K,COUNTA(Payments!A:A)-3)) -> 0
A11: =IF(COUNTA(Payments!A:A)<=5,"",INDEX(Payments!B:B,COUNTA(Payments!A:A)-4)) -> 0 | B11: =IF(COUNTA(Payments!A:A)<=5,"",INDEX(Payments!D:D,COUNTA(Payments!A:A)-4)) | C11: =IF(COUNTA(Payments!A:A)<=5,"",INDEX(Payments!E:E,COUNTA(Payments!A:A)-4)) -> 0 | D11: =IF(COUNTA(Payments!A:A)<=5,"",INDEX(Payments!G:G,COUNTA(Payments!A:A)-4)) -> 0 | E11: =IF(COUNTA(Payments!A:A)<=5,"",INDEX(Payments!H:H,COUNTA(Payments!A:A)-4)) -> 0 | F11: =IF(COUNTA(Payments!A:A)<=5,"",INDEX(Payments!J:J,COUNTA(Payments!A:A)-4)) | G11: =IF(COUNTA(Payments!A:A)<=5,"",INDEX(Payments!K:K,COUNTA(Payments!A:A)-4)) -> 0
A12: =IF(COUNTA(Payments!A:A)<=6,"",INDEX(Payments!B:B,COUNTA(Payments!A:A)-5)) -> 0 | B12: =IF(COUNTA(Payments!A:A)<=6,"",INDEX(Payments!D:D,COUNTA(Payments!A:A)-5)) | C12: =IF(COUNTA(Payments!A:A)<=6,"",INDEX(Payments!E:E,COUNTA(Payments!A:A)-5)) -> 0 | D12: =IF(COUNTA(Payments!A:A)<=6,"",INDEX(Payments!G:G,COUNTA(Payments!A:A)-5)) -> 0 | E12: =IF(COUNTA(Payments!A:A)<=6,"",INDEX(Payments!H:H,COUNTA(Payments!A:A)-5)) -> 0 | F12: =IF(COUNTA(Payments!A:A)<=6,"",INDEX(Payments!J:J,COUNTA(Payments!A:A)-5)) | G12: =IF(COUNTA(Payments!A:A)<=6,"",INDEX(Payments!K:K,COUNTA(Payments!A:A)-5)) -> 0
A13: =IF(COUNTA(Payments!A:A)<=7,"",INDEX(Payments!B:B,COUNTA(Payments!A:A)-6)) -> 0 | B13: =IF(COUNTA(Payments!A:A)<=7,"",INDEX(Payments!D:D,COUNTA(Payments!A:A)-6)) | C13: =IF(COUNTA(Payments!A:A)<=7,"",INDEX(Payments!E:E,COUNTA(Payments!A:A)-6)) -> 0 | D13: =IF(COUNTA(Payments!A:A)<=7,"",INDEX(Payments!G:G,COUNTA(Payments!A:A)-6)) -> 0 | E13: =IF(COUNTA(Payments!A:A)<=7,"",INDEX(Payments!H:H,COUNTA(Payments!A:A)-6)) -> 0 | F13: =IF(COUNTA(Payments!A:A)<=7,"",INDEX(Payments!J:J,COUNTA(Payments!A:A)-6)) | G13: =IF(COUNTA(Payments!A:A)<=7,"",INDEX(Payments!K:K,COUNTA(Payments!A:A)-6)) -> 0
A14: =IF(COUNTA(Payments!A:A)<=8,"",INDEX(Payments!B:B,COUNTA(Payments!A:A)-7)) -> 0 | B14: =IF(COUNTA(Payments!A:A)<=8,"",INDEX(Payments!D:D,COUNTA(Payments!A:A)-7)) | C14: =IF(COUNTA(Payments!A:A)<=8,"",INDEX(Payments!E:E,COUNTA(Payments!A:A)-7)) -> 0 | D14: =IF(COUNTA(Payments!A:A)<=8,"",INDEX(Payments!G:G,COUNTA(Payments!A:A)-7)) -> 0 | E14: =IF(COUNTA(Payments!A:A)<=8,"",INDEX(Payments!H:H,COUNTA(Payments!A:A)-7)) -> 0 | F14: =IF(COUNTA(Payments!A:A)<=8,"",INDEX(Payments!J:J,COUNTA(Payments!A:A)-7)) | G14: =IF(COUNTA(Payments!A:A)<=8,"",INDEX(Payments!K:K,COUNTA(Payments!A:A)-7)) -> 0
A15: =IF(COUNTA(Payments!A:A)<=9,"",INDEX(Payments!B:B,COUNTA(Payments!A:A)-8)) -> 0 | B15: =IF(COUNTA(Payments!A:A)<=9,"",INDEX(Payments!D:D,COUNTA(Payments!A:A)-8)) | C15: =IF(COUNTA(Payments!A:A)<=9,"",INDEX(Payments!E:E,COUNTA(Payments!A:A)-8)) -> 0 | D15: =IF(COUNTA(Payments!A:A)<=9,"",INDEX(Payments!G:G,COUNTA(Payments!A:A)-8)) -> 0 | E15: =IF(COUNTA(Payments!A:A)<=9,"",INDEX(Payments!H:H,COUNTA(Payments!A:A)-8)) -> 0 | F15: =IF(COUNTA(Payments!A:A)<=9,"",INDEX(Payments!J:J,COUNTA(Payments!A:A)-8)) | G15: =IF(COUNTA(Payments!A:A)<=9,"",INDEX(Payments!K:K,COUNTA(Payments!A:A)-8)) -> 0
A16: =IF(COUNTA(Payments!A:A)<=10,"",INDEX(Payments!B:B,COUNTA(Payments!A:A)-9)) -> 0 | B16: =IF(COUNTA(Payments!A:A)<=10,"",INDEX(Payments!D:D,COUNTA(Payments!A:A)-9)) | C16: =IF(COUNTA(Payments!A:A)<=10,"",INDEX(Payments!E:E,COUNTA(Payments!A:A)-9)) -> 0 | D16: =IF(COUNTA(Payments!A:A)<=10,"",INDEX(Payments!G:G,COUNTA(Payments!A:A)-9)) -> 0 | E16: =IF(COUNTA(Payments!A:A)<=10,"",INDEX(Payments!H:H,COUNTA(Payments!A:A)-9)) -> 0 | F16: =IF(COUNTA(Payments!A:A)<=10,"",INDEX(Payments!J:J,COUNTA(Payments!A:A)-9)) | G16: =IF(COUNTA(Payments!A:A)<=10,"",INDEX(Payments!K:K,COUNTA(Payments!A:A)-9)) -> 0
A17: =IF(COUNTA(Payments!A:A)<=11,"",INDEX(Payments!B:B,COUNTA(Payments!A:A)-10)) -> 0 | B17: =IF(COUNTA(Payments!A:A)<=11,"",INDEX(Payments!D:D,COUNTA(Payments!A:A)-10)) | C17: =IF(COUNTA(Payments!A:A)<=11,"",INDEX(Payments!E:E,COUNTA(Payments!A:A)-10)) -> 0 | D17: =IF(COUNTA(Payments!A:A)<=11,"",INDEX(Payments!G:G,COUNTA(Payments!A:A)-10)) -> 0 | E17: =IF(COUNTA(Payments!A:A)<=11,"",INDEX(Payments!H:H,COUNTA(Payments!A:A)-10)) -> 0 | F17: =IF(COUNTA(Payments!A:A)<=11,"",INDEX(Payments!J:J,COUNTA(Payments!A:A)-10)) | G17: =IF(COUNTA(Payments!A:A)<=11,"",INDEX(Payments!K:K,COUNTA(Payments!A:A)-10)) -> 0
A18: =IF(COUNTA(Payments!A:A)<=12,"",INDEX(Payments!B:B,COUNTA(Payments!A:A)-11)) -> 0 | B18: =IF(COUNTA(Payments!A:A)<=12,"",INDEX(Payments!D:D,COUNTA(Payments!A:A)-11)) | C18: =IF(COUNTA(Payments!A:A)<=12,"",INDEX(Payments!E:E,COUNTA(Payments!A:A)-11)) -> 0 | D18: =IF(COUNTA(Payments!A:A)<=12,"",INDEX(Payments!G:G,COUNTA(Payments!A:A)-11)) -> 0 | E18: =IF(COUNTA(Payments!A:A)<=12,"",INDEX(Payments!H:H,COUNTA(Payments!A:A)-11)) -> 0 | F18: =IF(COUNTA(Payments!A:A)<=12,"",INDEX(Payments!J:J,COUNTA(Payments!A:A)-11)) | G18: =IF(COUNTA(Payments!A:A)<=12,"",INDEX(Payments!K:K,COUNTA(Payments!A:A)-11)) -> 0
A19: =IF(COUNTA(Payments!A:A)<=13,"",INDEX(Payments!B:B,COUNTA(Payments!A:A)-12)) -> 0 | B19: =IF(COUNTA(Payments!A:A)<=13,"",INDEX(Payments!D:D,COUNTA(Payments!A:A)-12)) | C19: =IF(COUNTA(Payments!A:A)<=13,"",INDEX(Payments!E:E,COUNTA(Payments!A:A)-12)) -> 0 | D19: =IF(COUNTA(Payments!A:A)<=13,"",INDEX(Payments!G:G,COUNTA(Payments!A:A)-12)) -> 0 | E19: =IF(COUNTA(Payments!A:A)<=13,"",INDEX(Payments!H:H,COUNTA(Payments!A:A)-12)) -> 0 | F19: =IF(COUNTA(Payments!A:A)<=13,"",INDEX(Payments!J:J,COUNTA(Payments!A:A)-12)) | G19: =IF(COUNTA(Payments!A:A)<=13,"",INDEX(Payments!K:K,COUNTA(Payments!A:A)-12)) -> 0
A20: =IF(COUNTA(Payments!A:A)<=14,"",INDEX(Payments!B:B,COUNTA(Payments!A:A)-13)) -> 0 | B20: =IF(COUNTA(Payments!A:A)<=14,"",INDEX(Payments!D:D,COUNTA(Payments!A:A)-13)) | C20: =IF(COUNTA(Payments!A:A)<=14,"",INDEX(Payments!E:E,COUNTA(Payments!A:A)-13)) -> 0 | D20: =IF(COUNTA(Payments!A:A)<=14,"",INDEX(Payments!G:G,COUNTA(Payments!A:A)-13)) -> 0 | E20: =IF(COUNTA(Payments!A:A)<=14,"",INDEX(Payments!H:H,COUNTA(Payments!A:A)-13)) -> 0 | F20: =IF(COUNTA(Payments!A:A)<=14,"",INDEX(Payments!J:J,COUNTA(Payments!A:A)-13)) | G20: =IF(COUNTA(Payments!A:A)<=14,"",INDEX(Payments!K:K,COUNTA(Payments!A:A)-13)) -> 0
A21: =IF(COUNTA(Payments!A:A)<=15,"",INDEX(Payments!B:B,COUNTA(Payments!A:A)-14)) -> 0 | B21: =IF(COUNTA(Payments!A:A)<=15,"",INDEX(Payments!D:D,COUNTA(Payments!A:A)-14)) | C21: =IF(COUNTA(Payments!A:A)<=15,"",INDEX(Payments!E:E,COUNTA(Payments!A:A)-14)) -> 0 | D21: =IF(COUNTA(Payments!A:A)<=15,"",INDEX(Payments!G:G,COUNTA(Payments!A:A)-14)) -> 0 | E21: =IF(COUNTA(Payments!A:A)<=15,"",INDEX(Payments!H:H,COUNTA(Payments!A:A)-14)) -> 0 | F21: =IF(COUNTA(Payments!A:A)<=15,"",INDEX(Payments!J:J,COUNTA(Payments!A:A)-14)) | G21: =IF(COUNTA(Payments!A:A)<=15,"",INDEX(Payments!K:K,COUNTA(Payments!A:A)-14)) -> 0
A22: =IF(COUNTA(Payments!A:A)<=16,"",INDEX(Payments!B:B,COUNTA(Payments!A:A)-15)) -> 0 | B22: =IF(COUNTA(Payments!A:A)<=16,"",INDEX(Payments!D:D,COUNTA(Payments!A:A)-15)) | C22: =IF(COUNTA(Payments!A:A)<=16,"",INDEX(Payments!E:E,COUNTA(Payments!A:A)-15)) -> 0 | D22: =IF(COUNTA(Payments!A:A)<=16,"",INDEX(Payments!G:G,COUNTA(Payments!A:A)-15)) -> 0 | E22: =IF(COUNTA(Payments!A:A)<=16,"",INDEX(Payments!H:H,COUNTA(Payments!A:A)-15)) -> 0 | F22: =IF(COUNTA(Payments!A:A)<=16,"",INDEX(Payments!J:J,COUNTA(Payments!A:A)-15)) | G22: =IF(COUNTA(Payments!A:A)<=16,"",INDEX(Payments!K:K,COUNTA(Payments!A:A)-15)) -> 0
A23: =IF(COUNTA(Payments!A:A)<=17,"",INDEX(Payments!B:B,COUNTA(Payments!A:A)-16)) -> 0 | B23: =IF(COUNTA(Payments!A:A)<=17,"",INDEX(Payments!D:D,COUNTA(Payments!A:A)-16)) | C23: =IF(COUNTA(Payments!A:A)<=17,"",INDEX(Payments!E:E,COUNTA(Payments!A:A)-16)) -> 0 | D23: =IF(COUNTA(Payments!A:A)<=17,"",INDEX(Payments!G:G,COUNTA(Payments!A:A)-16)) -> 0 | E23: =IF(COUNTA(Payments!A:A)<=17,"",INDEX(Payments!H:H,COUNTA(Payments!A:A)-16)) -> 0 | F23: =IF(COUNTA(Payments!A:A)<=17,"",INDEX(Payments!J:J,COUNTA(Payments!A:A)-16)) | G23: =IF(COUNTA(Payments!A:A)<=17,"",INDEX(Payments!K:K,COUNTA(Payments!A:A)-16)) -> 0
A24: =IF(COUNTA(Payments!A:A)<=18,"",INDEX(Payments!B:B,COUNTA(Payments!A:A)-17)) -> 0 | B24: =IF(COUNTA(Payments!A:A)<=18,"",INDEX(Payments!D:D,COUNTA(Payments!A:A)-17)) | C24: =IF(COUNTA(Payments!A:A)<=18,"",INDEX(Payments!E:E,COUNTA(Payments!A:A)-17)) -> 0 | D24: =IF(COUNTA(Payments!A:A)<=18,"",INDEX(Payments!G:G,COUNTA(Payments!A:A)-17)) -> 0 | E24: =IF(COUNTA(Payments!A:A)<=18,"",INDEX(Payments!H:H,COUNTA(Payments!A:A)-17)) -> 0 | F24: =IF(COUNTA(Payments!A:A)<=18,"",INDEX(Payments!J:J,COUNTA(Payments!A:A)-17)) | G24: =IF(COUNTA(Payments!A:A)<=18,"",INDEX(Payments!K:K,COUNTA(Payments!A:A)-17)) -> 0
A25: =IF(COUNTA(Payments!A:A)<=19,"",INDEX(Payments!B:B,COUNTA(Payments!A:A)-18)) -> 0 | B25: =IF(COUNTA(Payments!A:A)<=19,"",INDEX(Payments!D:D,COUNTA(Payments!A:A)-18)) | C25: =IF(COUNTA(Payments!A:A)<=19,"",INDEX(Payments!E:E,COUNTA(Payments!A:A)-18)) -> 0 | D25: =IF(COUNTA(Payments!A:A)<=19,"",INDEX(Payments!G:G,COUNTA(Payments!A:A)-18)) -> 0 | E25: =IF(COUNTA(Payments!A:A)<=19,"",INDEX(Payments!H:H,COUNTA(Payments!A:A)-18)) -> 0 | F25: =IF(COUNTA(Payments!A:A)<=19,"",INDEX(Payments!J:J,COUNTA(Payments!A:A)-18)) | G25: =IF(COUNTA(Payments!A:A)<=19,"",INDEX(Payments!K:K,COUNTA(Payments!A:A)-18)) -> 0
A26: =IF(COUNTA(Payments!A:A)<=20,"",INDEX(Payments!B:B,COUNTA(Payments!A:A)-19)) -> 0 | B26: =IF(COUNTA(Payments!A:A)<=20,"",INDEX(Payments!D:D,COUNTA(Payments!A:A)-19)) | C26: =IF(COUNTA(Payments!A:A)<=20,"",INDEX(Payments!E:E,COUNTA(Payments!A:A)-19)) -> 0 | D26: =IF(COUNTA(Payments!A:A)<=20,"",INDEX(Payments!G:G,COUNTA(Payments!A:A)-19)) -> 0 | E26: =IF(COUNTA(Payments!A:A)<=20,"",INDEX(Payments!H:H,COUNTA(Payments!A:A)-19)) -> 0 | F26: =IF(COUNTA(Payments!A:A)<=20,"",INDEX(Payments!J:J,COUNTA(Payments!A:A)-19)) | G26: =IF(COUNTA(Payments!A:A)<=20,"",INDEX(Payments!K:K,COUNTA(Payments!A:A)-19)) -> 0
A30: DISCLAIMER
A31: For personal tracking only. Not financial advice.
A33: Free Credit Card Tracker by Credit Card Wind
A34: © Credit Card Wind. All rights reserved.
A35: ________________________________________________

Sheet Settings
A1: GLOBAL SETTINGS
A3: Setting | B3: Value
A4: Currency | B4: $
A5: Date Format | B5: DD-MM-YYYY
A6: Default Interest Rate (%) | B6: 18.99
A7: Default Minimum Payment (%) | B7: 2
A8: Rounding (Decimals) | B8: 2
A10: CREDIT CARDS
A12: Card ID | B12: Card Name | C12: Bank | D12: Credit Limit | E12: Start Balance | F12: Interest Rate (APR %) | G12: Billing Cycle Day | H12: Min Payment Rule
A13: 1 | B13: Chase Sapphire Reserve | C13: Chase Bank | D13: 10000 | E13: 3250 | F13: 0.1999 | G13: 15 | H13: 2.5
A14: 2 | B14: Capital One Venture | C14: Capital One | D14: 7500 | E14: 1875.5 | F14: 0.2149 | G14: 22 | H14: 3
A15: 3 | B15: Citi Double Cash | C15: Citibank | D15: 5000 | E15: 980.75 | F15: 0.1699 | G15: 8 | H15: 25
A34: DATA VALIDATION RULES:
A35: • Card ID must be unique and auto-incremented
A36: • Credit Limit and Start Balance must be positive numbers
A37: • Interest Rate must be between 0 and 100
A38: • Billing Cycle Day must be between 1 and 31
A39: • Min Payment Rule: Enter % (e.g., 2) or fixed $ amount (e.g., $25)

Sheet Instructions & FAQ
A1: INSTRUCTIONS & USER GUIDE
A2: Complete guide to using your Credit Card Payment Tracker
A4: QUICK START GUIDE
A6: Step 1: Set Up Your Cards
A7: 1. Go to the Settings sheet
A8: 2. In the CREDIT CARDS table (starting row 13), enter your card details:
A9: • Card ID: Use sequential numbers (1, 2, 3, etc.)
A10: • Card Name: Give each card a memorable name (e.g., 'Chase Sapphire')
A11: • Bank: Enter the issuing bank name
A12: • Credit Limit: Your maximum credit line
A13: • Start Balance: Your current balance when starting to track
A14: • Interest Rate (APR %): Annual percentage rate (e.g., 18.99)
... A125: Free Credit Card Tracker by Credit Card Wind
